 Dungeon Crawl Stone Soup version 0.27.1-1-g398f81649c (webtiles) character file.

Game seed: 5422704684888864855

55 speeev33 the Skirmisher (level 3, -8/34 HPs)
             Began as a Hill Orc Fighter on Sept 5, 2021.
             Mangled by an orc (20 damage)
             ... on level 3 of the Dungeon.
             The game lasted 00:01:44 (1861 turns).

speeev33 the Skirmisher (Hill Orc Fighter)          Turns: 1861, Time: 00:01:46

Health: -8/34      AC:  9    Str: 19    XL:     3   Next: 93%
Magic:  3/3        EV:  5    Int:  8    God:
Gold:   151        SH:  9    Dex: 10    Spells: 2/2 levels left

rFire    . . .     SeeInvis .   a - +0 war axe
rCold    . . .     Faith    .   c - +0 kite shield
rNeg     . . .     Spirit   .   e - +0 chain mail
rPois    .         Reflect  .   (no helmet)
rElec    .         Harm     .   (no cloak)
rCorr    .         Rampage  .   (no gloves)
Will     .....                  (no boots)
Stlth    ..........             (no amulet)
HPRegen  0.11/turn              (no ring)
MPRegen  0.08/turn              (no ring)

@: no status effects
A: no striking features
a: no special abilities


You were on level 3 of the Dungeon.
You visited 1 branch of the dungeon, and saw 4 of its levels.

You collected 151 gold pieces.

Inventory:

Hand Weapons
 a - a +0 war axe (weapon)
Armour
 c - a +0 kite shield (worn)
 e - a +0 chain mail (worn)
Jewellery
 g - a ring of fire
Potions
 b - a potion of degeneration
 d - a potion of might
 f - a potion of attraction


   Skills:
 + Level 4.4 Fighting
 + Level 3.8 Axes
 - Level 3.2 Armour
 + Level 4.0 Shields


You had 2 spell levels left.
You didn't know any spells.
Your spell library was empty.

Dungeon Overview and Level Annotations

Branches:
Dungeon (4/15)
 Temple: D:4-7

Altars:
The Shining One

Annotations:
D:4 Sigmund


Message History

The hound bites you but does no damage. You block the hound's attack.
You block the hound's attack.
Found a stone staircase leading up.
A hobgoblin comes into view.
The hobgoblin shouts!
A magic dart appears from out of thin air!
The magic dart hits you. You block the hound's attack. The hound bites you.
You block the hobgoblin's attack. You block the hound's attack.
The hobgoblin hits you. You block the hobgoblin's attack.
You block the hound's attack.
There is a stone staircase leading up here.
The hound bites you but does no damage.
You climb upwards.
The orc shouts!
Reactivating autopickup.
You hear a shout!
There is a stone staircase leading down here.
You hit the hound but do no damage.
The hound is lightly wounded.
The hound bites you but does no damage. You block the hound's attack.
You completely miss the hound.
The hound is lightly wounded.
You block the hound's attack. The hound bites you. The hound barely misses you.
You miss the hound.
The hound is lightly wounded.
The hound bites you. The hound bites you but does no damage.
You closely miss the hound.
The hound is lightly wounded.
The hound bites you but does no damage. The hound barely misses you.
The orc hits you with a +0 whip of electrocution.
You closely miss the hound.
The hound is lightly wounded.
You hit the orc.
The hound bites you but does no damage. x2
The orc hits you with a +0 whip of electrocution.
You are electrocuted!!
Ouch! That really hurt!
You die... ## .. .# .# ##.#####h###... .......@o....# ##############

You could see a hound and an orc.

Vanquished Creatures
  A hound (D:2)
  A worm (D:2)
  A dart slug (D:2)
  6 endoplasms
  3 goblins
  2 quokkas (D:1)
  2 frilled lizards
  3 rats
19 creatures vanquished.

Vanquished Creatures (others)
  4 toadstools (D:1)
4 creatures vanquished.

Grand Total: 23 creatures vanquished

Notes
Turn   | Place    | Note
-------+----------+-------------------------------------------
     0 | D:1      | speeev33 the Hill Orc Fighter began the quest for the Orb.
     0 | D:1      | Reached XP level 1. HP: 19/19 MP: 1/1
    41 | D:1      | Noticed a great orb of eyes
    43 | D:1      | Found a faded altar of an unknown god.
    47 | D:1      | Noticed a golden eye
   250 | D:1      | Reached XP level 2. HP: 27/27 MP: 2/2
   491 | D:1      | Noticed an eye of devastation
   508 | D:1      | Noticed a great orb of eyes
  1361 | D:2      | Found a glowing golden altar of the Shining One.
  1403 | D:2      | Reached XP level 3. HP: 10/34 MP: 3/3
  1839 | D:2      | You fall into a shaft and drop 2 floors!
  1842 | D:4      | Noticed Sigmund
  1861 | D:3      | Mangled by an orc

Illustrated notes

Levels and vault maps discovered:
D:1:      heliophobic_arrival_glass_houses, layout_basic,
          hellmonk_ecumenical_altar_watching_god, minmay_gold_behind_fungi,
          minmay_domino_2
D:2:      layout_basic, basic_altar, minmay_misc_feat_doors
D:3:      layout_loops_ring, nicolae_qazlal_scattered_showers,
          serial_park_tiny_pond
D:4:      layout_rooms, corexii_shack, uniq_sigmund

Skill      XL: |  1  2 |
---------------+-------+-----
Axes           | 3 |  3.8
Fighting       | 4 |  4.4
Shields        | 4 |  4.0
Armour         | |  3.2

Action                   || total
-------------------------++-------
Melee: War axe           ||    74
  Use: Scroll            ||     4
Armor: Chain mail        ||    38
Dodge: Dodged            ||    18
Block: Kite shield       ||    33
